 Dungeon Crawl Stone Soup version 0.19-a0-1714-gcab94ab (webtiles) character file.

5549 dobroeutro the Basher (level 10, -24/66 HPs)
             Began as a Gargoyle Fighter on Sept 28, 2016.
             Was a High Priest of Okawaru.
             Killed from afar by a wretched star (34 damage)
             ... with an orb of energy
             ... on level 2 of the Abyss.
             The game lasted 00:15:13 (7468 turns).

dobroeutro the Basher (Gargoyle Fighter)            Turns: 7468, Time: 00:15:14

Health: -24/66     AC: 19    Str: 23    XL:     10   Next: 71%
Magic:  8/8        EV:  7    Int:  8    God:    Okawaru [*****.]
Gold:   46         SH: 10    Dex: 10    Spells: 0 memorised, 9 levels left

rFire  . . .     SeeInvis .     y - +1 mace (drain)
rCold  . . .     Gourm    .     b - +0 scale mail
rNeg   + . .     Faith    .     c - +1 shield
rPois  ∞         Spirit   .     i - +0 helmet
rElec  +         Dismiss  .     (no cloak)
rCorr  +         Reflect  .     F - +0 pair of gloves {archery}
MR     .....     Harm     .     (no boots)
Stlth  ..........               (no amulet)
                                (no ring)
                                K - ring of resist corrosion

@: no status effects
A: deterioration 2, low mp 2, negative energy resistance 1, electricity
resistance, unbreathing, petrification resistance, rot immunity, AC +7
a: Heroism, Finesse, Renounce Religion


You were on level 2 of the Abyss.
You worshipped Okawaru.
Okawaru was extremely pleased with you.
You were very hungry.

You visited 2 branches of the dungeon, and saw 10 of its levels.
You visited the Abyss 1 time.

You collected 124 gold pieces.
You spent 78 gold pieces at shops.

Inventory:

Hand Weapons
 a - a +0 flail
 y - a +1 mace of draining (weapon)
Armour
 b - a +0 scale mail (worn)
 c - a +1 shield (worn)
 i - a +0 helmet (worn)
 F - a +0 pair of gloves of archery (worn)
Jewellery
 x - the ring "Uba Qex" {*Tele +Blink rF+ Int+4 Dex-2}
   (You found it on level 4 of the Dungeon)

   [ring of teleportation]

   It may teleport you next to monsters.
   It affects your intelligence (+4).
   It affects your dexterity (-2).
   It protects you from fire.
   It lets you blink.
 K - a ring of resist corrosion (left hand)
Wands
 J - a wand of iceblast (14/15)
Scrolls
 e - 2 scrolls of teleportation
 g - 9 scrolls of identify
 j - 3 scrolls of immolation
 m - a scroll of amnesia
 n - a scroll of magic mapping
 o - a scroll of random uselessness
 w - a scroll of recharging
 C - a scroll of enchant weapon {unknown}
 D - 2 scrolls of blinking
 E - 2 scrolls of remove curse
Potions
 d - 2 potions of might
 h - 3 potions of magic {unknown}
 l - 6 potions of curing
 q - 5 potions of heal wounds
 r - 2 potions of agility
 s - 2 potions of haste
 v - a potion of berserk rage {unknown}
 A - a potion of brilliance {unknown}
 B - 3 potions of degeneration {unknown}
 H - a potion of cancellation {unknown}
 I - a potion of ambrosia {unknown}
Books
 u - a book of Necromancy

   Spells                             Type                      Level
   a - Pain                           Necromancy                   1
   b - Animate Skeleton               Necromancy                   1
   c - Vampiric Draining              Necromancy                   3
   d - Regeneration                   Charms/Necromancy            3
   e - Animate Dead                   Necromancy                   4
   f - Control Undead                 Necromancy                   4
Comestibles
 f - 7 bread rations
 k - 7 meat rations
 p - 3 beef jerkies
 t - 3 slices of pizza
 z - 4 fruits


   Skills:
 + Level 9.2 Fighting
 * Level 11.1 Maces & Flails
 + Level 9.3 Armour
 - Level 3.2 Shields


You had 9 spell levels left.
You didn't know any spells.

Dungeon Overview and Level Annotations

Branches:
Dungeon (9/15)             Temple (1/1) D:5
   Lair: D:8-11         Orc: D:9-12

Altars:
Ashenzari
Dithmenos
Fedhas
Gozag
Hepliaklqana
Kikubaaqudgha
Makhleb
Nemelex Xobeh
Okawaru
Qazlal
Ru
Sif Muna
Trog
Uskayaw
Xom
Yredelemnul
Zin
The Shining One

Shops:
D:4 !(}*

Annotations:
D:7 exclusion: 4 doors
D:8 Maurice
D:9 Erolcha


Innate Abilities, Weirdness & Mutations

You are resistant to torment.
Your stone body is resilient. (AC +7)
You are immune to poison.
You resist negative energy. (rN+)
You are resistant to electric shocks. (rElec)
You can survive without breathing.
You are immune to petrification.
You are immune to rotting.
[Your body often deteriorates upon taking damage.]
[Your magical capacity is very low. (-20% MP)]


Message History

You hit the ynoxinul but do no damage.
The ynoxinul is almost dead.
The ufetubus hits you but does no damage.
You block the ufetubus's attack. x2; The ufetubus closely misses you.
The ynoxinul hits you but does no damage.
Unknown command.
You sock the ynoxinul!
You kill the ynoxinul!
Okawaru accepts your kill.
The ufetubus disappears in a puff of smoke! x2
The wretched star glows turbulently.
The orb of energy misses you.
Unknown command.
The wretched star glows turbulently.
The orb of energy hits you!
* * * LOW HITPOINT WARNING * * *
The wretched star glows turbulently.
The orb of energy hits you!
Ouch! That really hurt!
You die...

...# #.## #..##
..... ..... ..
.....#.... ...
.#...!#..# ..#
. #
........##..##
.##
#..#........ ..
. #.@........
#..##...##..##
# #.....##..#
.# #...*.......
##..x........
##...##..##..#.
....# ..##. ##
...#...........
# ....... ..


You could see a wretched star and a small abomination.

Vanquished Creatures
  An unseen horror (D:7)
  Pikel (D:5)
  Joseph (D:8)
  An ancient zyme (Abyss:2)
  A raiju (Abyss:2)
  A two-headed ogre (D:8)
  A ynoxinul (Abyss:2)
  Grum (D:8)
  A hungry ghost (D:4)
  A mottled dragon (D:7)
  3 orc warriors
  A black bear (D:8)
  2 sky beasts
  2 wolves (D:8)
  2 phantoms
  2 ogres
  7 centaurs
  A gnoll sergeant (D:4)
  5 scorpions
  A howler monkey (D:7)
  2 crimson imps
  5 lava snakes (D:7)
  2 bullfrog zombies (D:5)
  A jelly (D:5)
  A bullfrog skeleton (D:4)
  3 orc priests
  4 hounds
  Ijyb (D:3)
  2 iguanas (D:5)
  8 orc wizards
  3 worker ants
  10 adders
  3 gnolls (D:4)
  3 oozes
  An adder skeleton (D:7)
  A worm (D:3)
  A dart slug (D:3)
  8 leopard geckos
  29 orcs
  4 ball pythons
  3 giant cockroaches
  8 goblins
  6 hobgoblins
  7 jackals
  6 bats
  5 frilled lizards
  A jackal zombie (D:7)
  11 kobolds
  7 rats
182 creatures vanquished.

Vanquished Creatures (others)
  An adder (D:5)
1 creature vanquished.

Grand Total: 183 creatures vanquished

Notes
Turn   | Place    | Note
-------+----------+-------------------------------------------
     0 | D:1      | dobroeutro the Gargoyle Fighter began the quest for the Orb.
     0 | D:1      | Reached XP level 1. HP: 14/14 MP: 1/1
    54 | D:1      | Reached XP level 2. HP: 18/19 MP: 2/2
   441 | D:1      | Reached XP level 3. HP: 23/23 MP: 3/3
   669 | D:2      | Reached skill level 3 in Maces & Flails
   805 | D:2      | Found a basalt altar of Yredelemnul.
   982 | D:2      | Found a glowing silver altar of Zin.
  1064 | D:2      | Reached XP level 4. HP: 26/29 MP: 4/4
  1556 | D:3      | Reached XP level 5. HP: 22/33 MP: 5/5
  1929 | D:3      | Reached skill level 4 in Maces & Flails
  1954 | D:3      | Noticed Ijyb
  1997 | D:3      | HP: 1/33 [orc wizard/puff of flame (4)]
  2012 | D:3      | Killed Ijyb
  2174 | D:3      | Reached XP level 6. HP: 30/39 MP: 6/6
  2181 | D:3      | Found a sacrificial altar of Ru.
  2181 | D:3      | Found a glowing golden altar of the Shining One.
  2597 | D:4      | Got a fine brass ring
  2607 | D:4      | Identified the ring "Uba Qex" {*Tele +Blink rF+ Int+4 Dex-2} (You found it on level 4 of the Dungeon)
  2639 | D:4      | Found Elasmops's Assorted Antiques.
  2647 | D:4      | Bought a runed mace for 78 gold pieces
  2664 | D:4      | Reached skill level 5 in Fighting
  2670 | D:4      | Noticed a hungry ghost
  2690 | D:4      | Killed a hungry ghost
  2690 | D:4      | Reached skill level 5 in Maces & Flails
  2690 | D:4      | Reached skill level 5 in Armour
  2690 | D:4      | Reached XP level 7. HP: 43/44 MP: 7/7
  2811 | D:4      | Found Fyxzifoh's Gadget Shoppe.
  2870 | D:4      | Found Qacveev's Weapon Shoppe.
  2875 | D:4      | Found Ykkabyir's Distillery.
  2974 | D:5      | Entered Level 5 of the Dungeon
  2974 | D:5      | Found a staircase to the Ecumenical Temple.
  2981 | Temple   | Entered the Ecumenical Temple
  2987 | Temple   | Became a worshipper of Warmaster Okawaru
  3044 | D:5      | Noticed Pikel
  3068 | D:5      | Killed Pikel
  3068 | D:5      | Reached * piety under Okawaru
  3068 | D:5      | Reached skill level 6 in Maces & Flails
  3068 | D:5      | Reached XP level 8. HP: 32/51 MP: 8/8
  3137 | D:5      | Reached skill level 7 in Maces & Flails
  3294 | D:4      | Reached ** piety under Okawaru
  3381 | D:5      | Found a shimmering altar of Xom.
  3940 | D:6      | Reached XP level 9. HP: 51/57 MP: 9/9
  4129 | D:6      | Reached skill level 8 in Maces & Flails
  4438 | D:7      | Killed an unseen horror
  4438 | D:7      | Reached *** piety under Okawaru
  4735 | D:7      | Reached skill level 9 in Maces & Flails
  5967 | D:7      | Reached **** piety under Okawaru
  6199 | D:8      | Noticed Joseph
  6226 | D:8      | Killed Joseph
  6226 | D:8      | Reached skill level 10 in Maces & Flails
  6226 | D:8      | Reached XP level 10. HP: 55/65 MP: 10/10
  6252 | D:8      | Noticed Maurice
  6303 | D:8      | Reached ***** piety under Okawaru
  6335 | D:8      | Noticed Grum
  6358 | D:8      | Killed Grum
  6358 | D:8      | Received a gift from Okawaru
  7314 | D:9      | Noticed Erolcha
  7324 | D:9      | Cast into level 1 of the Abyss (Erolcha)
  7450 | Abyss:2  | Reached skill level 11 in Maces & Flails
  7458 | Abyss:2  | Noticed a wretched star
  7468 | Abyss:2  | Killed from afar by a wretched star

Vault maps used:
D:1:      mrwooster_arrival_statue, serial_bayou_pond_e, minivault_23
D:2:      zin_treasury, old_standard_altar
D:3:      gammafunk_temple_overflow_pools, grunt_ministairs_1, uniq_iyjb
D:4:      first_bread, serial_shops, shop, shop_statue, nicolae_shop_crystal,
          kennysheep_mini_moat, minmay_checkerbox
D:5:      brannock_xom_greatest_gift, uniq_pikel
D:7:      kennysheep_big_flooded_room, hangedman_abyss_or_decor_stabs
D:8:      serial_glass, glass_columns_a, glass_columns_a, uniq_grum,
          uniq_joseph, uniq_maurice
D:9:      grunt_pizzeria, uniq_erolcha
Temple:   nicolae_temple_x_marks_the_god

Skill      XL: |  1  2  3  4  5  6  7  8  9 10 |
---------------+-------------------------------+-----
Maces & Flails | 3 4 5 6 7 10 11 | 11.1
Fighting       | 4 5 6 7 8 9 |  9.2
Armour         | 4 5 6 8 9 |  9.3
Shields        | |  3.2

Action                   |  1- 3 |  4- 6 |  7- 9 | 10-12 || total
-------------------------+-------+-------+-------+-------++-------
Melee: Flail             |   115 |   294 |       |       ||   409
       Mace              |       |    15 |   390 |   223 ||   628
       Unarmed           |       |       |       |     9 ||     9
  Use: Potion            |       |     1 |     1 |       ||     2
       Scroll            |       |       |     1 |     9 ||    10
  Eat: Chunk             |       |     9 |    12 |     3 ||    24
       Beef jerky        |       |       |     1 |       ||     1
Armor: Scale mail        |    66 |   251 |   254 |   117 ||   688
Dodge: Dodged            |    45 |   160 |    90 |    72 ||   367
Block: Shield            |    68 |   205 |   190 |   124 ||   587
